 Dungeon Crawl Stone Soup version 0.29-a0-721-g7f417c9bbb (webtiles) character file.

Game seed: 10106771192011197016

39 ytrimaz the Chopper (level 3, 27/27 HPs)
             Began as a Demonspawn Gladiator on June 28, 2022.
             Quit the game on level 1 of the Dungeon.
             The game lasted 00:01:36 (1268 turns).

ytrimaz the Chopper (Demonspawn Gladiator)          Turns: 1268, Time: 00:01:37

Health: 27/27      AC:  5    Str: 16    XL:     3   Next: 28%
Magic:  3/3        EV: 12    Int:  9    God:
Gold:   47         SH:  0    Dex: 14    Spells: 2/2 levels left

rFire   . . .      SeeInvis .   a - +0 war axe
rCold   . . .      Faith    +   (no shield)
rNeg    . . .      Spirit   .   b - +0 leather armour
rPois   .          Reflect  .   c - +1 helmet
rElec   .          Harm     .   (no cloak)
rCorr   .          Rampage  .   (no gloves)
Will    .....                   (no boots)
Stlth   +.........              f - amulet of faith
HPRegen 0.09/turn               (no ring)
MPRegen 0.08/turn               (no ring)

@: no status effects
A: demonic touch 1
a: no special abilities


You were on level 1 of the Dungeon.
You visited 1 branch of the dungeon, and saw 1 of its levels.

You collected 47 gold pieces.

Inventory:

Hand Weapons
 a - a +0 war axe (weapon)
Missiles
 d - 3 throwing nets (quivered)
 e - a javelin
Armour
 b - a +0 leather armour (worn)
 c - a +1 helmet (worn)
Jewellery
 f - an amulet of faith (around neck)
 l - a +6 ring of intelligence
Scrolls
 j - a scroll of teleportation {unknown}
 m - a scroll of identify {unknown}
 n - a scroll of blinking {unknown}
Potions
 i - a potion of lignification {unknown}
 k - a potion of curing {unknown}


   Skills:
 + Level 2.2 Fighting
 + Level 3.3 Axes
 - Level 1.7 Throwing
 + Level 3.2 Dodging


You had 2 spell levels left.
You didn't know any spells.
Your spell library was empty.

Dungeon Overview and Level Annotations

Branches:
Dungeon (1/15)

Altars:


Innate Abilities, Weirdness & Mutations

Your touch may inflict minor irresistible damage on your foes.


Message History

Items here: ( )) ††.
As you open the door, it creaks loudly!
There is an open door here.
There is an open door here.
There is an open door here.
There is an open door here.
A rat comes into view.
A rat is nearby!
A rat is nearby!
You barely miss the rat. The rat bites you but does no damage.
You slash the rat!
You kill the rat!
You see here a rat corpse.
Key pressed, stopping explore.
There is an open door here.
There is an open door here.
You open the door.
There is an open door here.
You open the door.
There is an open door here.
There is an open door here.
There is an open door here.
You see here a +0 ring mail.
There is an open door here.
There is a shaft here.
There is an open door here.
There is a stone staircase leading down here.
You open the door.
There is an open door here.
Done exploring.
Done exploring.
Done exploring.
Done exploring.
As you read the scroll labelled SILEAFIUROI, it crumbles to dust.
It is a scroll of enchant armour.
Your +0 helmet glows green for a moment.
As you read the scroll labelled LIGENY BEISISE, it crumbles to dust.
The air around you briefly surges with heat, but it dissipates.
It was a scroll of immolation.
Are you sure you want to abandon this character and quit the game? (Confirm with "yes".)

#.# #............#### #.# #.#
#.##.####.......###.####### #.#
#.##.# ##...##.#.........#
#.###.##.# ##..##...#######.#
#.....†..# #.......# #.#
#####.#### #.#####.# #.# ##.#.#
##'## #†# #.# #....# ##...##
#)# #.# ##.### ##...@.###.# #.#
#.#.## ##.......##.#######.#
###....####.........#.........#
..........+.........'.......###
.......####..)......###....##
.##.#..# ##.....).## #.#.##
.##.##.# ##.....## #.###
.##.##.# ##...## #.# .##.##.#
##'## #.#


There were no monsters in sight!

Vanquished Creatures
  2 dart slugs (D:1)
  2 bats (D:1)
  An endoplasm (D:1)
  A giant cockroach (D:1)
  3 goblins (D:1)
  3 hobgoblins (D:1)
  3 jackals (D:1)
  A quokka (D:1)
  5 ball pythons (D:1)
  A frilled lizard (D:1)
  6 kobolds (D:1)
  4 rats (D:1)
32 creatures vanquished.

Notes
Turn   | Place    | Note
-------+----------+-------------------------------------------
     0 | D:1      | ytrimaz the Demonspawn Gladiator began the quest for the
                  | Orb.
     0 | D:1      | Reached XP level 1. HP: 16/16 MP: 1/1
   476 | D:1      | Gained mutation: Your touch may inflict minor irresistible
                  | damage on your foes. [demonic ancestry]
   476 | D:1      | Reached XP level 2. HP: 22/22 MP: 2/2
   771 | D:1      | Reached XP level 3. HP: 27/27 MP: 3/3
  1268 | D:1      | Quit the game

Illustrated notes

Levels and vault maps discovered:
D:1:      doesnt_arrival_eight_statues, layout_loops_corners

Skill      XL: |  1  2 |
---------------+-------+-----
Axes           | 3 |  3.3
Dodging        | 3 |  3.2
Fighting       | |  2.2
Throwing       | |  1.7

Action                   || total
-------------------------++-------
Melee: War axe           ||    69
       Punch             ||     1
       Touch             ||     5
  Use: Scroll            ||     2
 Stab: Distracted        ||     1
Armor: Leather armour    ||    21
Dodge: Dodged            ||    53

Table legend: (Time is in decaauts)
 A = Elapsed time spent in this place.
 B = Non-inter-level travel time spent in this place.
 C = Inter-level travel time spent in this place.
 D = Time resting spent in this place.
 E = Time spent auto-exploring this place.
 F = Levels seen in this place.
 G = Mean time per level.
                   A        B        C        D        E       F      G
               +--------+--------+--------+--------+--------+-----+--------+
         Total |   1291 |   1291 |      0 |      0 |   1057 |   1 | 1291.0 |
       Dungeon |   1291 |   1291 |      0 |      0 |   1057 |   1 | 1291.0 |
               +--------+--------+--------+--------+--------+-----+--------+

Top non-repeatable levels by time:
     D:1: 1291 daAuts
